 Dungeon Crawl Stone Soup version 0.23-a0-139-ga22e90c45f (webtiles) character file.

175088 Jesh the Imperceptible (level 17, -30/135 HPs)
             Began as a Spriggan Enchanter on Aug 31, 2018.
             Was the Champion of Dithmenos.
             Annihilated by dricus's ghost (42 damage)
             ... on level 3 of the Elven Halls.
             The game lasted 02:14:51 (43918 turns).

Jesh the Imperceptible (Spriggan Enchanter)        Turns: 43918, Time: 02:14:52

Health: -30/135    AC: 15    Str: 16    XL:     17   Next: 46%
Magic:  0/36       EV: 33    Int: 21    God:    Dithmenos [******]
Gold:   1422       SH:  0    Dex: 20    Spells: 27/45 levels left

rFire    + . .     SeeInvis +   p - +9 rapier (pierce)
rCold    + . .     Gourm    .   (shield restricted)
rNeg     . . .     Faith    .   u - +2 robe {rC+ rF+}
rPois    .         Spirit   .   s - +2 hat
rElec    .         Reflect  .   r - +2 cloak
rCorr    .         Harm     .   (gloves unavailable)
MR       ++...                  (boots unavailable)
Stlth    ..........             B - amulet of the acrobat
HPRegen  0.32/turn              z - ring "Cikuses" {Str+3 Int+3}
MPRegen  0.25/turn              a - +6 ring of protection

@: berserking, very slightly contaminated, wreathed by umbra, invisible, very
quick
A: very small, unfitting armour, antennae 1, camouflage 1, see invisible, agile
1, herbivore, speed 3, slow metabolism 2, no potion heal 1
a: Shadow Step, Shadow Form, Renounce Religion


You were on level 3 of the Elven Halls.
You worshipped Dithmenos.
Dithmenos was exalted by your worship.
You were not hungry.

You visited 6 branches of the dungeon, and saw 28 of its levels.
You also visited: Labyrinth, Ossuary and Bailey.

You collected 3052 gold pieces.
You spent 1630 gold pieces at shops.

Inventory:

Hand Weapons
 p - a +9 rapier of piercing (weapon)
Missiles
 Q - a throwing net (quivered)
Armour
 r - a +2 cloak (worn)
 s - a +2 hat (worn)
 u - a +2 robe of resistance (worn)
 y - a +2 robe of magic resistance
 H - a +1 robe of cold resistance
Jewellery
 a - a +6 ring of protection (right hand)
 m - an uncursed ring of positive energy
 v - a +3 amulet of reflection
 z - the ring "Cikuses" (left hand) {Str+3 Int+3}
   (You found it on level 6 of the Lair of Beasts)

   [ring of intelligence]

   It affects your strength (+3).
   It affects your intelligence (+3).
 B - an amulet of the acrobat (around neck)
 C - an uncursed ring of wizardry
 E - a +5 ring of strength
 G - an uncursed ring of ice
 L - an uncursed ring of poison resistance
Wands
 x - a wand of paralysis (36)
 A - a wand of polymorph (11)
 I - a wand of flame (51)
 N - a wand of disintegration (29)
 P - a wand of digging (23)
 S - a wand of iceblast (10)
 T - a wand of random effects (30)
 X - a wand of clouds (2)
 Z - a wand of acid (19)
Scrolls
 b - a scroll of acquirement
 g - 5 scrolls of fog
 j - 8 scrolls of remove curse
 l - 6 scrolls of amnesia
 o - 9 scrolls of teleportation
 w - 5 scrolls of enchant armour
 D - a scroll of summoning
 K - 3 scrolls of silence
 M - 3 scrolls of identify
 R - 4 scrolls of fear
 V - 2 scrolls of magic mapping
 Y - 3 scrolls of immolation
Potions
 c - 17 potions of curing
 e - 7 potions of flight
 f - 9 potions of heal wounds
 h - 5 potions of agility
 i - 4 potions of lignification
 k - 7 potions of brilliance
 n - 3 potions of haste
 q - a potion of cancellation
 t - 2 potions of berserk rage
 F - 5 potions of resistance
 J - a potion of ambrosia
Miscellaneous
 U - a lightning rod (4/4)
Comestibles
 d - 10 rations


   Skills:
 + Level 10.4 Fighting
 + Level 13.0 Short Blades
 + Level 16.4 Dodging
 + Level 21.7 Stealth
 + Level 14.7 Spellcasting
 + Level 16.8 Hexes


You had 27 spell levels left.
You knew the following spells:

 Your Spells              Type           Power        Failure   Level  Hunger
a - Ensorcelled Hibernat  Hex/Ice        ######       1%          2    None
b - Corona                Hex            ######.      0%          1    None
c - Confuse               Hex            ######..     0%          3    None
d - Tukima's Dance        Hex            ######..     0%          3    None
e - Dazzling Spray        Conj/Hex       ######       1%          3    None
h - Invisibility          Hex            ######..     1%          6    #####..

Your spell library contained the following spells:

 Spells                   Type           Power        Failure   Level  Hunger
 Inner Flame              Hex/Fire       ######..     1%          3    None
 Summon Guardian Golem    Hex/Summ       ######..     1%          3    None
 Apportation              Tloc           ###...       4%          1    None
 Flame Tongue             Conj/Fire      ###..        4%          1    None
 Sandblast                Erth           ###...       4%          1    None
 Sting                    Conj/Pois      ###.         4%          1    None
 Summon Butterflies       Summ           ###.....     4%          1    None
 Summon Small Mammal      Summ           ###.         4%          1    None
 Call Imp                 Summ           ###.....     6%          2    None
 Poisonous Vapours        Pois/Air       ###...       6%          2    None
 Throw Flame              Conj/Fire      ###...       6%          2    None
 Call Canine Familiar     Summ           ###.....     12%         3    None
 Conjure Flame            Conj/Fire      ###.....     12%         3    None
 Lesser Beckoning         Tloc           ###.......   12%         3    None
 Mephitic Cloud           Conj/Pois/Air  ###.....     12%         3    None
 Ozocubu's Armour         Chrm/Ice       ###.....     12%         3    None
 Olgreb's Toxic Radiance  Pois           ###.....     36%         4    None
 Sticky Flame             Conj/Fire      ###.....     36%         4    None
 Summon Ice Beast         Ice/Summ       ###.....     36%         4    None
 Summon Lightning Spire   Summ/Air       ###.....     36%         4    None
 Alistair's Intoxication  Tmut/Pois      ###.....     73%         5    ###....
 Aura of Abjuration       Summ           ###.......   73%         5    ###....
 Bolt of Magma            Conj/Fire/Erth ###.......   73%         5    ###....
 Fireball                 Conj/Fire      ###.......   73%         5    ###....
 Venom Bolt               Conj/Pois      ###.......   73%         5    ###....
 Bolt of Fire             Conj/Fire      ###.......   99%         6    #####..
 Statue Form              Tmut/Erth      ###......    99%         6    #####..
 Ring of Flames           Chrm/Fire      ###.......   100%        7    ######.


Dungeon Overview and Level Annotations

Branches:
Dungeon (15/15)            Temple (1/1) D:5            Lair (6/6) D:11
 Shoals (0/4) Lair:2        Snake (0/4) Lair:2        Slime (1/5) Lair:6
    Orc (2/2) D:9             Elf (3/3) Orc:2        Vaults (0/5) D:13
 Depths (0/5) D:15

Altars:
Ashenzari
Cheibriados
Dithmenos
Elyvilon
Fedhas
Gozag
Hepliaklqana
Kikubaaqudgha
Makhleb
Nemelex Xobeh
Okawaru
Qazlal
Ru
Sif Muna
Trog
Uskayaw
Vehumet
Wu Jian
Xom
Yredelemnul
Zin
The Shining One
Beogh
Jiyva

Shops:
Orc:2 %*!(   Elf:1 =}}(   Elf:2 (

Annotations:
D:14 exclusions: ice statue and obsidian statue
Elf:3 exclusion: 6 doors, dricus's ghost, adept HOBe


Innate Abilities, Weirdness & Mutations

You are very small and have problems with some larger weapons.
You are too small for most types of armour.
You have supernaturally acute eyesight. (SInv)
You are a herbivore.
You cover ground extremely quickly.
You need to consume almost no food.
You have a pair of small antennae on your head.
Your skin changes colour to match your surroundings (Stealth+).
You are agile. (Dex +2)
Potions are less effective at restoring your health.


Message History

Dricus's ghost closely misses you.
Your deep elf knight hits dricus's ghost but does no damage.
You hit dricus's ghost but do no damage.
Dricus's ghost is moderately damaged.
You barely miss dricus's ghost.
Dricus's ghost is moderately damaged.
Dricus's ghost hits you!!!
* * * LOW HITPOINT WARNING * * *
You emit a cloud of dark smoke.
You hit dricus's ghost but do no damage.
Dricus's ghost is moderately damaged.
Your deep elf knight hits dricus's ghost with a short sword.
You completely miss dricus's ghost.
Dricus's ghost is moderately damaged.
Your shadow hits dricus's ghost but does no damage.
Your deep elf annihilator dissolves into shadows!
You hit dricus's ghost but do no damage.
Dricus's ghost is moderately damaged.
Dricus's ghost hits you!!!
You die...

#####+### #.# **,**********#.##
#.......# #.# **+,,,** *,#.#.
#.).....# #.# *,###,****,#.#.
#(.)....# #.# *##.##+,,+,#.#.
#)))....####'### #?_$#****,#.##
#.......##.....#####(### *,#...
#......##....§§§#+.....# ######
#.....##...♣e♣§§§###.######'#...
#####'#......§E@eE...# #.#.##.##
#.#..♣.....♣W.######.'###)#.
#.#.....⌠..§..'...'...# #.#.
#.#..♣.....♣e.#####...###.#.
#.#...........# #.....##.##
##'##...♣.♣...## #.....##...
#..)##.......## ####'######
##..<###.....## #.# #...
#.....####'### #.# #.##


You could see dricus's ghost, a friendly deep elf archer, a friendly deep elf
knight, 2 friendly earth elementals and a friendly deep elf mage.

Vanquished Creatures
  The ghost of Otrisyeh the Bludgeoner, an adept DgGl (Elf:2)
  Agnes (D:15)
  3 deep elf sorcerers
  A deep elf elementalist (Elf:1)
  Louise (D:15)
  An orc warlord (Orc:2)
  The ghost of Damamoz the Markscentaur, a journeyman CeHu of Gozag (Elf:2)
  The ghost of Damamoz the Markscentaur, a journeyman CeHu of Gozag (Elf:2)
  The ghost of Damamoz the Markscentaur, a journeyman CeHu of Gozag (Elf:2)
  A deep elf annihilator (Elf:2)
  Azrael (D:13)
  A dire elephant (D:15)
  A minotaur (Lab)
  Snorg (Lair:5)
  2 ettins
  Fannar (D:11)
  An ogre mage (D:15)
  5 hydras
  27 dancing weapons
  A death knight (D:10)
  A tengu warrior (D:15)
  A queen ant (Lair:3)
  9 two-headed ogres
  6 centaur warriors
  4 orc high priests (Orc:2)
  5 death yaks (Lair:5)
  10 deep elf knights
  3 wizards
  4 unseen horrors
  9 deep elf archers
  6 orc knights
  An oklob plant (D:12)
  4 orc sorcerers
  A wolf spider (D:15)
  A manticore (shapeshifter) (D:15)
  A wolf spider zombie (D:15)
  56 deep elf magi
  3 manticores
  A cyclops (D:14)
  10 elephants
  9 ugly things
  4 centaur zombies
  3 gargoyles
  13 spiny frogs
  A torpor snail (Lair:6)
  5 rime drakes
  A yaktaur (shapeshifter) (D:12)
  4 freezing wraiths
  3 kobold demonologists
  2 tengu conjurers (D:15)
  6 komodo dragons
  5 polar bears
  9 hornets
  2 slime creatures (D:14)
  8 trolls
  9 blink frogs
  14 dream sheep
  7 hippogriffs
  2 air elementals
  A wraith (D:10)
  Sigmund (D:6)
  A shadow (D:8)
  A tarantella (shapeshifter) (D:15)
  10 spriggans (Lair:6)
  4 wyverns
  21 yaks
  5 basilisks
  8 fire elementals
  4 water elementals
  A vampire (D:10)
  A basilisk (shapeshifter) (D:15)
  A golden eye (shapeshifter) (D:13)
  Grum (D:11)
  2 hungry ghosts
  3 nagas (Lair:2)
  3 wargs
  An acid dragon (D:11)
  10 soldier ants
  3 hell hounds (D:13)
  16 water moccasins
  3 porcupines
  60 orc warriors
  3 eyes of draining
  4 sky beasts
  2 black bears
  2 necrophages
  An ice beast (shapeshifter) (Elf:2)
  4 ice beasts
  16 ogres
  24 wolves
  4 boggarts (Lair:6)
  2 phantoms
  16 centaurs
  10 crocodiles
  A wyvern zombie (D:14)
  A big kobold (D:13)
  17 bullfrogs
  3 earth elementals
  A water moccasin zombie (D:8)
  A wyvern skeleton (D:6)
  5 scorpions
  A water moccasin skeleton (D:4)
  11 killer bees (D:11)
  An oklob sapling (D:12)
  7 howler monkeys
  21 wights
  2 electric eels
  6 crimson imps
  A bullfrog zombie (D:6)
  2 quasits
  9 hounds
  6 jellies
  33 orc priests
  21 orc wizards
  4 bullfrog skeletons
  3 iguanas
  Ijyb (D:3)
  32 worker ants
  2 hound zombies
  8 mummies (Ossuary)
  A hound skeleton (D:8)
  A worker ant zombie (D:9)
  7 gnolls
  2 howler monkey skeletons
  23 adders
  2 shadow imps
  An ooze (D:5)
  2 adder zombies
  4 worms
  2 dart slugs (D:1)
  4 leopard geckos
  139 orcs
  13 bats
  3 giant cockroaches
  15 goblins
  6 hobgoblins
  10 jackals
  14 kobolds
  6 quokkas
  9 ball pythons
  3 frilled lizards
  A gnoll zombie (Ossuary)
  2 hobgoblin zombies (Ossuary)
  3 kobold zombies (Ossuary)
  A leopard gecko skeleton (D:3)
  2 orc zombies (Ossuary)
  2 quokka skeletons (D:5)
  2 quokka zombies (D:4)
  9 rats
1034 creatures vanquished.

Vanquished Creatures (collateral kills)
  A dancing weapon (Elf:3)
  An orc knight (Bailey)
  A spriggan (Lair:6)
  2 orc warriors
  A scorpion (D:13)
  3 orcs
9 creatures vanquished.

Vanquished Creatures (others)
  A deep elf mage (Elf:1)
  3 dancing weapons
  A naga (Lair:2)
  4 fungi
  16 plants
  A withered plant (Elf:2)
26 creatures vanquished.

Grand Total: 1069 creatures vanquished

Notes
Turn   | Place    | Note
-------+----------+-------------------------------------------
     0 | D:1      | Jesh the Spriggan Enchanter began the quest for the Orb.
     0 | D:1      | Reached XP level 1. HP: 9/9 MP: 5/5
   476 | D:1      | Reached XP level 2. HP: 6/13 MP: 5/7
   480 | D:1      | Learned a level 2 spell: Ensorcelled Hibernation
  1318 | D:1      | You fall through a shaft!
  1370 | D:1      | Reached XP level 3. HP: 14/16 MP: 3/9
  1375 | D:1      | Learned a level 3 spell: Confuse
  1379 | D:1      | Learned a level 3 spell: Tukima's Dance
  2572 | D:3      | Gained mutation: You are dopey. (Int -2) [potion of
                  | mutation]
  2572 | D:3      | Gained mutation: You have large cloven feet. [potion of
                  | mutation]
  2572 | D:3      | Gained mutation: You are robust. (+10% HP) [potion of
                  | mutation]
  2654 | D:2      | Found a deep blue altar of Sif Muna.
  2846 | D:2      | Reached skill level 5 in Hexes
  2846 | D:2      | Reached XP level 4. HP: 22/23 MP: 8/11
  4092 | D:3      | Learned a level 3 spell: Dazzling Spray
  4133 | D:3      | Found a shimmering altar of Xom.
  4134 | D:3      | Found a white marble altar of Elyvilon.
  4134 | D:3      | Found a sacrificial altar of Ru.
  4135 | D:3      | Found an ancient bone altar of Kikubaaqudgha.
  4310 | D:3      | Noticed Ijyb
  4310 | D:3      | Noticed a bullfrog
  4372 | D:3      | Killed Ijyb
  4372 | D:3      | Reached skill level 5 in Stealth
  4372 | D:3      | Reached XP level 5. HP: 23/26 MP: 0/13
  4373 | D:3      | Reached skill level 6 in Stealth
  4583 | D:4      | Found a sparkling altar of Nemelex Xobeh.
  4595 | D:4      | Found a sand-covered staircase.
  4637 | Ossuary  | Entered an ossuary
  4696 | Ossuary  | Reached skill level 7 in Stealth
  4707 | Ossuary  | Reached XP level 6. HP: 24/30 MP: 1/14
  5298 | Ossuary  | Reached skill level 8 in Stealth
  5794 | D:4      | Reached skill level 9 in Stealth
  5855 | D:4      | Noticed an orc warrior
  5863 | D:4      | Killed an orc warrior
  5863 | D:4      | Reached skill level 10 in Stealth
  5863 | D:4      | Reached XP level 7. HP: 23/35 MP: 1/15
  6258 | D:4      | Reached skill level 11 in Stealth
  6901 | D:5      | Entered Level 5 of the Dungeon
  7100 | D:5      | Reached skill level 12 in Stealth
  7227 | D:5      | Found a glowing silver altar of Zin.
  7238 | D:5      | Found a staircase to the Ecumenical Temple.
  7263 | Temple   | Entered the Ecumenical Temple
  7330 | Temple   | Became a worshipper of Dithmenos the Shadowed
  7386 | D:5      | Reached XP level 8. HP: 39/39 MP: 16/16
  7436 | D:5      | Reached skill level 13 in Stealth
  8027 | D:6      | Reached skill level 14 in Stealth
  8147 | D:6      | Lost mutation: You have large cloven feet. [potion of
                  | mutation]
  8147 | D:6      | Lost mutation: You are robust. (+10% HP) [potion of
                  | mutation]
  8147 | D:6      | Gained mutation: Your skin changes colour to match your
                  | surroundings (Stealth+). [potion of mutation]
  8191 | D:6      | Reached * piety under Dithmenos
  8326 | D:6      | Noticed Sigmund
  8329 | D:6      | Killed Sigmund
  8329 | D:6      | Reached skill level 15 in Stealth
  8382 | D:6      | You fall through a shaft for 2 floors!
  8442 | D:6      | Reached skill level 5 in Spellcasting
  8692 | D:6      | Reached skill level 1 in Fighting
  8692 | D:6      | Reached XP level 9. HP: 41/41 MP: 12/17
  9069 | D:7      | Found a shattered altar of Ashenzari.
 10184 | D:8      | Lost mutation: You are dopey. (Int -2) [potion of mutation]
 10184 | D:8      | Lost mutation: Your skin changes colour to match your
                  | surroundings (Stealth+). [potion of mutation]
 10184 | D:8      | Gained mutation: Your muscles are strong. (Str +2) [potion
                  | of mutation]
 10184 | D:8      | Gained mutation: Your movements are slightly less
                  | encumbered by armour. (ER -2) [potion of mutation]
 10279 | D:8      | Reached skill level 5 in Dodging
 10411 | D:8      | Reached ** piety under Dithmenos
 11070 | D:8      | Reached XP level 10. HP: 48/48 MP: 19/21
 11432 | D:9      | Reached skill level 16 in Stealth
 11873 | D:9      | Reached *** piety under Dithmenos
 12073 | D:9      | Reached skill level 5 in Short Blades
 12097 | D:9      | Found a glowing golden altar of the Shining One.
 12146 | D:9      | Identified a scroll of acquirement
 12238 | D:9      | Found a stormy altar of Qazlal.
 12306 | D:9      | Found a staircase to the Orcish Mines.
 12573 | D:10     | Entered Level 10 of the Dungeon
 12602 | D:10     | Found an ancient bone altar of Kikubaaqudgha.
 12653 | D:10     | Noticed a deep elf mage
 12654 | D:10     | Noticed a deep elf mage
 12657 | D:10     | Killed a deep elf mage
 12662 | D:10     | Killed a deep elf mage
 12676 | D:10     | Identified the Handbook of Plaster Cramp
 12690 | D:10     | Noticed a wizard
 12692 | D:10     | Noticed a wizard
 12695 | D:10     | Killed a wizard
 12705 | D:10     | Killed a wizard
 12705 | D:10     | Reached XP level 11. HP: 30/53 MP: 17/24
 12714 | D:10     | Identified the Incunabulum of Dhcmrlchtdj
 12725 | D:10     | Identified the Grimoire of Sand
 13058 | D:10     | Got an ebony long sword
 13162 | D:10     | Noticed a two-headed ogre
 13169 | D:10     | Killed a two-headed ogre
 13435 | D:10     | Noticed an unseen horror
 13475 | D:10     | Killed an unseen horror
 13704 | D:10     | Noticed a death knight
 13860 | D:10     | Killed a death knight
 13860 | D:10     | Reached skill level 17 in Stealth
 14377 | D:11     | Noticed Grum
 14388 | D:11     | Killed Grum
 14389 | D:11     | Reached **** piety under Dithmenos
 14972 | D:11     | Noticed a seven-headed hydra
 14978 | D:11     | Killed a seven-headed hydra
 14978 | D:11     | Reached skill level 5 in Fighting
 15572 | D:11     | Found a staircase to the Lair.
 15784 | D:11     | Noticed Fannar
 15787 | D:11     | Killed Fannar
 15850 | D:11     | Reached skill level 10 in Dodging
 15850 | D:11     | Reached XP level 12. HP: 60/60 MP: 22/26
 15933 | D:11     | Reached ***** piety under Dithmenos
 16240 | D:12     | Reached skill level 10 in Hexes
 16491 | D:12     | Noticed a two-headed ogre
 16511 | D:12     | Found a flagged portal.
 16516 | Bailey   | Entered a bailey
 17050 | Bailey   | Reached skill level 10 in Spellcasting
 17454 | Bailey   | Reached XP level 13. HP: 65/65 MP: 28/28
 17768 | D:12     | Identified the +4 long sword of Execution {holy, MP+9} (You
                  | found it on level 10 of the Dungeon)
 17866 | D:12     | Reached skill level 18 in Stealth
 18700 | D:13     | Found a gate to the Vaults.
 19417 | D:13     | Noticed Azrael
 20030 | D:13     | Killed Azrael
 20367 | D:13     | Reached XP level 14. HP: 70/70 MP: 26/29
 20543 | D:14     | You fall through a shaft!
 20543 | D:15     | Entered Level 15 of the Dungeon
 20543 | D:15     | Noticed Louise
 20544 | D:15     | Found an opulent altar of Gozag.
 20545 | D:15     | Killed Louise
 20600 | D:15     | Found a staircase to the Depths.
 21186 | D:14     | Reached ****** piety under Dithmenos
 22540 | D:15     | Noticed Agnes
 22555 | D:15     | Killed Agnes
 23666 | D:14     | Reached skill level 19 in Stealth
 23834 | D:15     | Reached skill level 10 in Short Blades
 23905 | D:15     | Learned a level 6 spell: Invisibility
 25471 | Lair:1   | Entered Level 1 of the Lair of Beasts
 25737 | Lair:1   | Found a labyrinth entrance.
 25747 | Lab      | Entered a labyrinth
 26065 | Lab      | Got warped gold dragon scales
 26082 | Lair:1   | Identified the cursed +1 gold dragon scales of Syndicalism
                  | {rPois rF+ rC+ Int+3} (You took it off a minotaur in a
                  | labyrinth)
 27198 | Lair:2   | Found a staircase to the Shoals.
 27234 | Lair:2   | Found a staircase to the Snake Pit.
 27442 | Lair:2   | Reached XP level 15. HP: 77/77 MP: 32/32
 29966 | Lair:5   | Reached skill level 15 in Hexes
 30945 | Lair:5   | Noticed Snorg
 30947 | Lair:5   | Killed Snorg
 31389 | Lair:6   | Entered Level 6 of the Lair of Beasts
 31937 | Lair:6   | Found a viscous altar of Jiyva.
 31937 | Lair:6   | Found a staircase to the Slime Pits.
 31944 | Slime:1  | Entered Level 1 of the Pits of Slime
 32156 | Lair:6   | Reached skill level 20 in Stealth
 33298 | Lair:6   | Got a vibrating golden ring
 33301 | Lair:6   | Identified the ring "Cikuses" {Str+3 Int+3} (You found it
                  | on level 6 of the Lair of Beasts)
 34186 | Orc:1    | Entered Level 1 of the Orcish Mines
 34194 | Orc:1    | Found a roughly hewn altar of Beogh.
 34772 | Orc:2    | Entered Level 2 of the Orcish Mines
 35893 | Orc:2    | Found Ugrag's Food Boutique.
 36119 | Orc:2    | Found a roughly hewn altar of Beogh.
 36144 | Orc:2    | Reached XP level 16. HP: 78/84 MP: 29/34
 36205 | Orc:2    | Found Avepraun's General Store.
 36671 | Orc:2    | Found a staircase to the Elven Halls.
 36918 | Orc:2    | Gained mutation: Your spells are a little easier to cast,
                  | but a little less powerful. [mutagenic glow]
 36997 | Orc:2    | Lost mutation: Your movements are slightly less encumbered
                  | by armour. (ER -2) [potion of mutation]
 36997 | Orc:2    | Lost mutation: Your muscles are strong. (Str +2) [potion of
                  | mutation]
 36997 | Orc:2    | Lost mutation: Your spells are a little easier to cast, but
                  | a little less powerful. [potion of mutation]
 36997 | Orc:2    | Gained mutation: Your flesh is heat resistant. (rF+)
                  | [potion of mutation]
 36997 | Orc:2    | Gained mutation: You are frail. (-10% HP) [potion of
                  | mutation]
 36997 | Orc:2    | Gained mutation: Your skin changes colour to match your
                  | surroundings (Stealth+). [potion of mutation]
 37018 | Orc:2    | Found a roughly hewn altar of Beogh.
 37041 | Orc:2    | Found Qyticipp's Weapon Shop.
 37336 | Orc:2    | Found Niruatel's Distillery.
 37354 | Orc:2    | Bought a potion of heal wounds for 65 gold pieces
 37847 | Elf:1    | Entered Level 1 of the Elven Halls
 38168 | Elf:1    | Reached skill level 15 in Dodging
 39763 | Elf:1    | Found Fiemmea's Jewellery Shoppe.
 39763 | Elf:1    | Found Sunen's Gadget Shop.
 39764 | Elf:1    | Found Faku Bik's Gadget Shop.
 39772 | Elf:1    | Bought a +6 ring of protection for 1404 gold pieces
 39866 | Elf:1    | Reached skill level 21 in Stealth
 39909 | Elf:1    | Identified the Papyrus of the Thoughtful Lovers
 40370 | Elf:1    | Found Zixzio Bury's Antique Weapon Shop.
 40862 | Elf:2    | Found Poutaow's Weapon Shoppe.
 40963 | Elf:2    | Gained mutation: You are very frail. (-20% HP) [mutagenic
                  | glow]
 41288 | Orc:2    | Bought a potion of mutation for 112 gold pieces
 41288 | Orc:2    | Bought a scroll of magic mapping for 49 gold pieces
 41288 | Orc:2    | Lost mutation: You are very frail. (-20% HP) [potion of
                  | mutation]
 41288 | Orc:2    | Lost mutation: You are frail. (-10% HP) [potion of
                  | mutation]
 41288 | Orc:2    | Lost mutation: Your flesh is heat resistant. (rF+) [potion
                  | of mutation]
 41288 | Orc:2    | Gained mutation: You are agile. (Dex +2) [potion of
                  | mutation]
 41288 | Orc:2    | Gained mutation: Potions are less effective at restoring
                  | your health. [potion of mutation]
 41288 | Orc:2    | Gained mutation: You have a pair of small antennae on your
                  | head. [potion of mutation]
 41402 | Elf:2    | Found a runed gate.
 41402 | Elf:2    | Found a runed gate.
 41405 | Elf:2    | Found a runed gate.
 41472 | Elf:2    | Found a runed gate.
 41472 | Elf:2    | Found a runed gate.
 41472 | Elf:2    | Found a runed gate.
 41566 | Elf:2    | Noticed Otrisyeh's ghost (adept DgGl)
 41571 | Elf:2    | Noticed Damamoz's ghost (journeyman CeHu)
 41574 | Elf:2    | Noticed Damamoz's ghost (journeyman CeHu)
 41575 | Elf:2    | Noticed Damamoz's ghost (journeyman CeHu)
 41583 | Elf:2    | Found a radiant altar of Vehumet.
 41880 | Elf:2    | Killed Otrisyeh's ghost
 41886 | Elf:2    | Killed Damamoz's ghost
 41886 | Elf:2    | Reached skill level 10 in Fighting
 41911 | Elf:2    | Killed Damamoz's ghost
 42194 | Elf:2    | Reached XP level 17. HP: 57/89 MP: 30/36
 42949 | Elf:2    | Killed Damamoz's ghost
 43023 | Elf:3    | Entered Level 3 of the Elven Halls
 43883 | Elf:3    | Found a runed door.
 43888 | Elf:3    | Found a shimmering altar of Xom.
 43888 | Elf:3    | Noticed dricus's ghost (adept HOBe)
 43918 | Elf:3    | Annihilated by dricus's ghost

Vault maps used:
D:1:      lightli_arrival_isolated_outpost, roderic_lattice_a, minivault_14,
          minmay_split_cup_large
D:2:      nicolae_overflow_crystal_walls
D:3:      chequers_temple_overflow_statue_of_worship, first_ration, st_stairs_7,
          uniq_ijyb
D:4:      nemelex_xobeh_ov_fountains_minmay, enter_ossuary_4
D:5:      minmay_temple_entry_grid, basic_altar, item_on_display_a
D:6:      minmay_misc_feat_tower, uniq_sigmund
D:7:      cheibrodos_ashenzari_chains
D:8:      hangedman_pestilent_swarm
D:9:      kennysheep_mini_moat, tso_metal_star
D:10:     basic_altar, bh_hangedman_babel_library
D:11:     erik_lair_island, minmay_crystal_room, basic_loot_grate_trap,
          uniq_grum, uniq_fannar
D:12:     enter_bailey_3, introduction_to_nature_1
D:13:     david_vaults_4, kennysheep_generic_room_12, uniq_azrael
D:14:     minmay_separated_statues, special_room, grunt_decor_resistance,
          minmay_joined_circles
D:15:     hangedman_depths_entry_try_elsewhere_first, basic_altar, uniq_louise,
          uniq_agnes
Temple:   eino_temple_lava
Lair:1:   lab_entry_generic, grunt_megastairs_2, infiniplex_staircase_pool
Lair:2:   minmay_shoals_entry_centaurs, minmay_snake_entry_guardpost_medium
Lair:3:   zaba_antful_of_joy
Lair:4:   lemuel_fruit_fields
Lair:5:   uniq_snorg
Lair:6:   minmay_lair_end_enchanted_forest, dpeg_slime_entry_enclosed_altar,
          serial_forest, infiniplex_forest_zigzag_1,
          infiniplex_forest_straight_2, infiniplex_forest_lined_3,
          infiniplex_forest_lined_3_way, infiniplex_forest_lined_4_way,
          infiniplex_forest_clump_cross, infiniplex_forest_clump_medium,
          infiniplex_forest_clump_small, infiniplex_forest_lined_room_2
Orc:1:    basic_altar
Orc:2:    pubby_orc_utopia, serial_shops
Elf:1:    serial_shops, nicolae_shop_trees, minmay_elf_sorcery,
          grunt_ministairs_2, st_stairs_5, minmay_shop_grove
Elf:2:    basic_altar, gammafunk_ghost_cemetery, serial_shops, shop,
          fountainhead
Elf:3:    minmay_elf_hall_furrowed, ebering_ghost_xom, grunt_ministairs_7,
          patterned_corridor
Lab:      labyrinth_mini_lab
Ossuary:  ossuary_tomb_3
Bailey:   bailey_polearm_5, bailey

Skill      XL: |  1  2  3  4  5  6  7  8  9 10 11 12 13 14 15 16 17 |
---------------+----------------------------------------------------+-----
Spellcasting   | 3 4 5 6 8 9 10 12 13 14 | 14.7
Hexes          | 4 5 7 8 9 13 14 15 16 | 16.8
Stealth        | 5 7 10 12 15 16 17 18 19 20 21 | 21.7
Fighting       | 1 2 4 5 6 8 9 10 | 10.4
Short Blades   | 2 4 5 7 8 9 10 11 12 13 | 13.0
Dodging        | 6 8 10 11 13 14 15 16 | 16.4

Action                   |  1- 3 |  4- 6 |  7- 9 | 10-12 | 13-15 | 16-18 || total
-------------------------+-------+-------+-------+-------+-------+-------++-------
Melee: Dagger            |   184 |   191 |   273 |   354 |   982 |       ||  1984
       Kick              |     1 |    35 |    15 |       |       |       ||    51
       Rapier            |       |       |       |       |   173 |   411 ||   584
       Short sword       |       |       |       |       |    20 |       ||    20
Throw: Throwing net      |       |       |       |       |     1 |       ||     1
 Cast: Corona            |     2 |       |     2 |       |       |       ||     4
       Ensorcelled Hiber |    20 |    20 |    67 |    82 |   114 |     3 ||   306
       Dazzling Spray    |       |     3 |     5 |    20 |    62 |    13 ||   103
       Confuse           |       |    22 |    12 |    37 |    42 |    28 ||   141
       Tukima's Dance    |       |       |     2 |     5 |     6 |     1 ||    14
       Invisibility      |       |       |       |       |    17 |    20 ||    37
Invok: Shadow Step       |       |       |       |     1 |     6 |       ||     7
Evoke: Wand              |       |     2 |    10 |    22 |     2 |     6 ||    42
       Box of beasts     |       |       |       |       |     1 |       ||     1
       Lightning rod     |       |       |       |       |     4 |     3 ||     7
  Use: Scroll            |     6 |     7 |    11 |     6 |    27 |     7 ||    64
       Potion            |     1 |     4 |     3 |     1 |    11 |    10 ||    30
 Stab: Sleeping          |    23 |    19 |    60 |    85 |   220 |    97 ||   504
       Distracted        |     1 |       |     2 |     3 |    10 |     2 ||    18
       Confused          |       |    12 |    11 |    26 |    39 |    11 ||    99
       Invisible         |       |     1 |     3 |     7 |    92 |    33 ||   136
       Paralysed         |       |       |       |       |     1 |       ||     1
  Eat: Ration            |     1 |     3 |     6 |     4 |    15 |     7 ||    36
Armor: Robe              |    31 |    13 |    24 |    27 |    42 |    10 ||   147
Dodge: Dodged            |   209 |   148 |   199 |   351 |   905 |   221 ||  2033

Table legend:
 A = Non-vault XP
 B = Vault XP
 C = Vault XP percentage of total XP
 D = Non-vault monster count
 E = Vault monster count
 F = Vault count percentage of total count
                 A         B        C        D         E       F
            +---------+---------+-------+---------+---------+-------
      Total |  131963 |   97878 |  42.6 |     610 |     434 |  41.6
            +---------+---------+-------+---------+---------+-------
        D:1 |      58 |       9 |  13.4 |      35 |       4 |  10.3
        D:2 |      66 |       0 |   0.0 |      21 |       0 |   0.0
        D:3 |     140 |      49 |  25.9 |      16 |       2 |  11.1
        D:4 |     593 |       2 |   0.3 |      20 |       2 |   9.1
        D:5 |     732 |       0 |   0.0 |      15 |       0 |   0.0
        D:6 |     934 |     223 |  19.3 |      29 |       1 |   3.3
        D:7 |     286 |       0 |   0.0 |       6 |       0 |   0.0
        D:8 |    1912 |     733 |  27.7 |      38 |       4 |   9.5
        D:9 |    2767 |       0 |   0.0 |      30 |       0 |   0.0
       D:10 |    4793 |    2568 |  34.9 |      31 |       4 |  11.4
       D:11 |    4098 |    2260 |  35.5 |      39 |      12 |  23.5
       D:12 |    6588 |    1688 |  20.4 |      32 |      22 |  40.7
       D:13 |    7197 |    3424 |  32.2 |      31 |      12 |  27.9
       D:14 |    3142 |    5347 |  63.0 |       8 |      35 |  81.4
       D:15 |   17061 |    6264 |  26.9 |      37 |       7 |  15.9
     Lair:1 |    2743 |     462 |  14.4 |      12 |       3 |  20.0
     Lair:2 |    2236 |     586 |  20.8 |       9 |       5 |  35.7
     Lair:3 |    2365 |    2822 |  54.4 |      11 |      30 |  73.2
     Lair:4 |    2801 |       0 |   0.0 |      11 |       0 |   0.0
     Lair:5 |   11484 |    1162 |   9.2 |      31 |       1 |   3.1
     Lair:6 |   10774 |    9352 |  46.5 |      39 |      46 |  54.1
      Orc:1 |    3782 |       0 |   0.0 |      34 |       0 |   0.0
      Orc:2 |       0 |   17383 | 100.0 |       0 |     138 | 100.0
      Elf:1 |   22128 |   10275 |  31.7 |      36 |      16 |  30.8
      Elf:2 |    7313 |   28530 |  79.6 |      15 |      32 |  68.1
      Elf:3 |   15970 |     435 |   2.7 |      24 |       1 |   4.0
        Lab |       0 |    1192 | 100.0 |       0 |       1 | 100.0
    Ossuary |       0 |     140 | 100.0 |       0 |      16 | 100.0
     Bailey |       0 |    2972 | 100.0 |       0 |      40 | 100.0
            +---------+---------+-------+---------+---------+-------
